Cogmind - Beta 13 @@@ ROGUE MODE // 2024.04.17 @ 22:34:59 Player: Gold Spoon Result: Destroyed by 8R-AWN with 8R-AWN's Boregun Performance ------------- Evolutions (0) 0 Regions Visited (3) 600 Robots Destroyed (25) 125 Value Destroyed (619) 619 Prototype IDs (24) 480 Alien Tech Used (0) 0 Bonus (303) 303 TOTAL SCORE: 2127 Bonus ------- Follower Combat Kills 21 Aligned with FarCom 300 Friendly Fire -18 Cogmind --------- Core Integrity 0/250 Matter 239/300 Energy 100/100 System Corruption 3% Temperature Cool (0) Movement Core (100) Ox1 Location -10/Exiles Parts ------- > --- POWER (1) -------- (None) > --- PROPULSION (2) --- (None) > --- UTILITY (2) ------ Small Storage Unit > --- WEAPON (2) ------- (None) > --- INVENTORY (8) ---- Flying Fortress v7 AWS/Autocannon Rocket Launcher Peak State ------------ > --- POWER ------------ Ion Engine > --- PROPULSION ------- Light Treads > --- UTILITY ---------- Small Storage Unit Experimental Sensor Array > --- WEAPON ----------- Assault Rifle Assault Rifle > --- INVENTORY -------- Flying Fortress v7 AWS/Autocannon Rocket Launcher [Rating: 20] Favorites ----------- Power Ion Engine Engine Ion Engine Propulsion Light Treads Treads Light Treads Flight Unit Flight Unit Utility Small Storage Unit Device Experimental Sensor Array Storage Small Storage Unit Weapon Assault Rifle Ballistic Gun Assault Rifle Launcher Grenade Launcher Build | -11 -10 -10 -10 ------- Run | Yrd Mat Min Exi Slots Evolved . | . . . . Power . | . . . . Propulsion . | . . . . Utility . | . . . . Weapon . | . . . . Parts Attached 18 | 5 8 4 1 Power 2 | 1 1 . . Engine 2 | 1 1 . . Core . | . . . . Reactor . | . . . . Propulsion 4 | 2 . 2 . Treads 3 | 2 . 1 . Leg . | . . . . Wheel . | . . . . Hover . | . . . . Flight 1 | . . 1 . Utility 2 | 1 . 1 . Device 1 | . . 1 . Storage 1 | 1 . . . Processor . | . . . . Hackware . | . . . . Protection . | . . . . Artifact . | . . . . Weapon 10 | 1 7 1 1 Energy Gun . | . . . . Energy Cannon . | . . . . Ballistic Gun 7 | 1 4 1 1 Ballistic Cannon . | . . . . Launcher 3 | . 3 . . Special Weapon . | . . . . Impact Weapon . | . . . . Slashing Weapon . | . . . . Piercing Weapon . | . . . . Special Melee Weapon . | . . . . Unidentified Prototypes 1 | . . 1 . Parts Lost 9 | . 1 3 5 Power 2 | . 1 . 1 Propulsion 3 | . . 2 1 Utility 1 | . . . 1 Weapon 3 | . . 1 2 Highest Loss Streak 5 | . 1 2 5 To Critical Strikes 2 | . . 1 1 Average Slot Usage (%) 77 | . 82 66 84 Engine 13 | . 13 14 13 Treads 18 | . 28 9 13 Flight 2 | . . 5 . Device 2 | . . 1 14 Storage 14 | . 14 14 14 Ballistic Gun 24 | . 25 21 28 Naked Turns . | . . . . Heaviest Build 15 | 12 15 15 15 Greatest Support 40 | 40 40 40 20 Greatest Overweight (x) 3 | . . 3 3 Average Overweight (x) . | . . . . Largest Inventory Capacity 8 | 8 8 8 8 Average Capacity 7 | 7 8 8 8 Most Carried 8 | 4 5 6 8 Average Carried 3 | . 2 4 5 Final Capacity 8 | 8 8 8 8 Final Carried 8 | . 5 4 8 Class Distribution -------------------- 100% | Mutant Dominant Class ---------------- Mutant | -10/Materials Mutant | -10/Mines Mutant | -10/Exiles Resources | -11 -10 -10 -10 ----------- Run | Yrd Mat Min Exi Matter Collected 645 | 215 334 96 . Remotely . | . . . . Salvage Created 671 | . 557 114 . Parts 53 | . 44 9 . Haulers Intercepted . | . . . . Recyclers Shooed 1 | . 1 . . Parts Field Recycled . | . . . . Retrieved Matter . | . . . . Parts Self-Destructed . | . . . . Prevented . | . . . . Kills | -11 -10 -10 -10 ------- Run | Yrd Mat Min Exi Combat Hostiles Destroyed 20 | . 16 4 . Guns 15 | . 11 4 . AOE 5 | . 5 . . Classes Destroyed 5 | . 5 . . Builder 2 | . 2 . . Operator 1 | . 1 . . Watcher 2 | . 2 . . Swarmer 7 | . 5 2 . Grunt 13 | . 11 2 . Best Kill Streak 8 | . 8 2 . Combat Bots Only 6 | . 6 2 . Max Kills in Single Turn 3 | . 3 1 . Gunslinging . | . . . . Exploded 2 | . 2 . . Melee . | . . . . Uniques/NPCs Destroyed . | . . . . Combat | -11 -10 -10 -10 -------- Run | Yrd Mat Min Exi Hostile Shots Fired 124 | . 53 31 40 Missed 35 | . 14 12 9 Damage Taken 1241 | . 503 191 547 Core 264 | . 88 30 146 Absorbed by Shields . | . . . . Core Remaining (%) 100 | 100 . . . Volleys Fired 43 | . 29 14 . Largest 2 | . 2 2 . Hottest 50 | . 50 40 . Shots Fired 84 | . 56 27 1 Gun 78 | . 50 27 1 Cannon . | . . . . Launcher 6 | . 6 . . Special . | . . . . Kinetic 78 | . 50 27 1 Thermal . | . . . . Explosive 6 | . 6 . . Electromagnetic . | . . . . Robot Hit Streak 7 | . 7 6 . Robot Miss Streak 3 | . 2 3 1 Penetration Max . | . . . . Secondary Targets 2 | . 2 . . Max Gunslinging Chain 1 | . 1 . . Shots Hit Robots 47 | . 34 13 . Core Hits 36 | . 29 7 . Critical Kills . | . . . . Critical Parts Destroyed . | . . . . Critical Strikes . | . . . . Melee Attacks . | . . . . Impact . | . . . . Slashing . | . . . . Piercing . | . . . . Sneak Attacks . | . . . . Combat Hostiles . | . . . . Follow-up Attacks . | . . . . Damage Inflicted 1017 | . 831 186 . Guns 590 | . 407 183 . Cannons . | . . . . Explosions 420 | . 420 . . Melee . | . . . . Ramming 7 | . 4 3 . Kinetic 590 | . 407 183 . Thermal . | . . . . Explosive 420 | . 420 . . Electromagnetic . | . . . . Impact . | . . . . Slashing . | . . . . Piercing . | . . . . Highest Corruption 3 | . 3 3 3 Average Corruption 2 | . 2 3 3 Corruption Purged . | . . . . Corruption Blocked . | . . . . Effects 26 | . 9 9 8 Message Errors 2 | . . 1 1 Matter Fused 10 | . 2 5 3 Heat Flow Errors 5 | . 4 1 . Data Loss (minor) 3 | . 2 . 1 Data Loss (major) 1 | . . . 1 Misfires 3 | . . 2 1 Alerts 1 | . . . 1 Weapon Failures 1 | . 1 . . Overload Shots . | . . . . Overflow Damage . | . . . . Projectiles . | . . . . Explosions . | . . . . Melee . | . . . . Knockbacks . | . . . . Impact . | . . . . Kinetic . | . . . . Secondary . | . . . . Self-Inflicted Damage 65 | . 64 1 . Shots 4 | . 4 . . Rammed 5 | . 2 3 . Targets Rammed 5 | . 2 3 . Kicked . | . . . . Crushed . | . . . . Highest Temperature 265 | . 265 183 15 Average Temperature 88 | . 100 60 6 Received Heat Transfer 505 | . 222 63 220 Siege Activations . | . . . . Robots Corrupted . | . . . . Combat Hostiles . | . . . . Parts Fried . | . . . . Impact Corruptions . | . . . . Robots Melted . | . . . . Combat Hostiles . | . . . . Parts Melted . | . . . . Heat Transferred . | . . . . Parts Sabotaged . | . . . . Parts Stolen . | . . . . Parts Stripped . | . . . . Power Chain Reactions . | . . . . Alert | -11 -10 -10 -10 ------- Run | Yrd Mat Min Exi Peak Influence 237 | . 237 231 . Initial 72 | . . 72 . Average 112 | . 129 98 . Maximum Alert Level 1 | . 1 1 . Low Security (%) 91 | 100 99 81 . Level 1 8 | . . 18 . Level 2 . | . . . . Level 3 . | . . . . Level 4 . | . . . . Level 5 . | . . . . High Security . | . . . . Max Security . | . . . . Squads Dispatched 6 | . 6 . . Investigation 4 | . 4 . . Extermination . | . . . . Reinforcement 2 | . 2 . . Assault . | . . . . Garrison . | . . . . Intercept . | . . . . Searches Triggered . | . . . . Construction Impeded . | . . . . Haulers Reinforced . | . . . . Active Scanning Responses . | . . . . Cargo Convoy Interrupts . | . . . . Stealth | -11 -10 -10 -10 --------- Run | Yrd Mat Min Exi Distress Signals 3 | . 3 . . Communications Jammed . | . . . . Distress Signals . | . . . . Times Spotted 42 | . 26 8 8 Peak Tracking Total 11 | . 5 3 11 Tactical Retreats . | . . . . Traps | -11 -10 -10 -10 ------- Run | Yrd Mat Min Exi Traps Triggered 6 | . 6 . . Indirectly . | . . . . Trap Hack Attempts . | . . . . Triggered . | . . . . Disarmed . | . . . . Reprogrammed . | . . . . Reused . | . . . . Traps Extracted . | . . . . Installed . | . . . . Triggered . | . . . . Machines | -11 -10 -10 -10 ---------- Run | Yrd Mat Min Exi Machines Disabled 1 | . 1 . . Max in Single Turn 1 | . 1 . . Machines Repaired . | . . . . Machines Dismantled . | . . . . Machines Sabotaged . | . . . . Overloaded Fab Kills . | . . . . Hacking | -11 -10 -10 -10 --------- Run | Yrd Mat Min Exi Machines Accessed 7 | . 6 . 1 Terminals 6 | . 6 . . Fabricators . | . . . . Repair Stations . | . . . . Recycling Units . | . . . . Scanalyzers . | . . . . Garrison Access . | . . . . Total Hacks 16 | . 15 . 1 Successful 10 | . 9 . 1 Failed 6 | . 6 . . Catastrophic 2 | . 2 . . Database Lockouts . | . . . . Manual 1 | . . . 1 Terminals 15 | . 15 . . Fabricators . | . . . . Repair Stations . | . . . . Recycling Units . | . . . . Scanalyzers . | . . . . Garrison Access . | . . . . Terminal Hacks 10 | . 9 . 1 Alert Level 3 | . 3 . . Locate Traps 2 | . 2 . . Recall Investigation 2 | . 2 . . Zone Layout 2 | . 2 . . Derelict Proto ID Bank 1 | . . . 1 Fabricator Hacks . | . . . . Repair Station Hacks . | . . . . Recycling Unit Hacks . | . . . . Scanalyzer . | . . . . Garrison Access Hacks . | . . . . Unauthorized Hacks . | . . . . Terminals . | . . . . Fabricators . | . . . . Repair Stations . | . . . . Recycling Units . | . . . . Scanalyzers . | . . . . Garrison Access . | . . . . Data Cores Recovered . | . . . . Used . | . . . . Hacking Detections 6 | . 6 . . Full Trace Events 1 | . 1 . . Feedback Events . | . . . . Feedback Blocked . | . . . . Robot Schematics Acquired . | . . . . Robots Built . | . . . . Authchips . | . . . . Time . | . . . . Total Robot Build Rating . | . . . . Part Schematics Acquired . | . . . . Parts Built . | . . . . Authchips . | . . . . Time . | . . . . Total Part Build Rating . | . . . . Parts Repaired . | . . . . Time . | . . . . Parts Recycled . | . . . . Recycled Matter . | . . . . Retrieved Matter . | . . . . Retrieved Components . | . . . . Parts Scanalyzed . | . . . . Part Schematics Acquired . | . . . . Parts Damaged . | . . . . Bothacking | -11 -10 -10 -10 ------------ Run | Yrd Mat Min Exi Used RIF Installer . | . . . . Robots Hacked . | . . . . Non-combat . | . . . . Combat . | . . . . Robot Hacks Applied . | . . . . Relay Couplers Released . | . . . . Fabnet Peak Effective % . | . . . . Robots Rewired . | . . . . Allies Hacked . | . . . . Hacks Repelled . | . . . . Allies | -11 -10 -10 -10 -------- Run | Yrd Mat Min Exi Total Allies 1 | . . 1 . Largest Group 1 | . . 1 . Highest-Rated Group 31 | . . 31 . Highest-Rated Ally 31 | . . 31 . Total Orders . | . . . . Ally Attacks 6 | . . 6 . Total Damage 106 | . . 106 . Kills 3 | . . 3 . Allies Corrupted . | . . . . Allies Melted . | . . . . Intel | -11 -10 -10 -10 ------- Run | Yrd Mat Min Exi Robot Analysis Total . | . . . . Derelict Logs Recovered 1 | . . 1 . Drone Launches . | . . . . Drone Recoveries . | . . . . Exploration | -11 -10 -10 -10 ------------- Run | Yrd Mat Min Exi Turns Passed 2357 | 46 1068 864 379 Spaces Moved 1323 | 31 599 459 234 Core 86 | 11 . 66 9 Treads 1126 | 20 599 282 225 Legs . | . . . . Wheels . | . . . . Hover . | . . . . Flight 111 | . . 111 . Fastest Speed 50 | 50 160 160 100 Average Speed 164 | 120 160 175 159 Slowest Speed 200 | 160 160 200 200 Overloaded Moves . | . . . . Propulsion Burnouts . | . . . . Robots Hopped . | . . . . Cave-ins Triggered . | . . . . Exploration Rate (%) 56 | 4 98 81 42 Regions Visited 3 Branch Regions 2 Pre-discovered Areas 1 | . . 1 . Known Exits Taken . | . . . . Unknown Exits Taken 3 | 1 1 1 . Scrap Searched 1 | . . 1 . Spaces Dug . | . . . . Terrain Destroyed 42 | . 42 . . Melee . | . . . . Projectile . | . . . . AOE 42 | . 42 . . Terrain Rammed . | . . . . Walls Destroyed . | . . . . Machines Disabled . | . . . . Actions | -11 -10 -10 -10 --------- Run | Yrd Mat Min Exi Total 1423 | 40 649 492 242 Wait 8 | . 1 7 . Move 1320 | 30 598 458 234 Hop . | . . . . Pick Up 21 | 5 9 4 3 Fast Attach . | . . . . Attach 11 | 5 2 4 . Detach . | . . . . Swap 7 | . 6 . 1 Drop 8 | . 2 2 4 Fire 43 | . 29 14 . Melee . | . . . . Ram 1 | . . 1 . Kick . | . . . . Crush 4 | . 2 2 . Escape Stasis . | . . . . Rewire . | . . . . Trap . | . . . . Miscellaneous . | . . . . Route ------- -11/Scrapyard -10/Materials (discovered 4 exits: [*Mat x3] / [*Min]) -10/Mines (discovered 2 exits: [*Mat] / *Exi) -10/Exiles (discovered 1 exit: [*Min]) History --------- Turn | Location | Event 20 | -11/Scrapyard | Discovered new exit (range 16) 47 | -11/Scrapyard | Entered Materials 230 | -10/Materials | Discovered new exit (range 15) 316 | -10/Materials | Build established: Mutant 557 | -10/Materials | Discovered new exit (range 9) 688 | -10/Materials | Discovered new exit (range 12) 747 | -10/Materials | Derelicts attacked the area 1042 | -10/Materials | Discovered new exit (range 9) 1115 | -10/Materials | Entered Mines 1291 | -10/Mines | Received a Mining Laser from a helpful Derelict 1660 | -10/Mines | Deemed a non-threat by the Exiles lab entrance 1662 | -10/Mines | Discovered new exit (range 5) 1770 | -10/Mines | Received a Rocket Launcher from a helpful Derelict 1776 | -10/Mines | Discovered new exit (range 3) 1888 | -10/Mines | Found a damaged Exp. Sensor Array with a note attached 1891 | -10/Mines | Found Prototype Device 1892 | -10/Mines | Identified Exp. Sensor Array 1979 | -10/Mines | Entered Exiles 2023 | -10/Exiles | Discovered new exit (range 14) 2048 | -10/Exiles | Met 8R-AWN 2074 | -10/Exiles | Met EX-HEX 2123 | -10/Exiles | Met EX-BIN 2154 | -10/Exiles | Aligned with FarCom system 2155 | -10/Exiles | Given EX-Vault access code 2192 | -10/Exiles | Opened EX-Vault 2200 | -10/Exiles | Found Prototype Ballistic Cannon 2208 | -10/Exiles | Found Deploy-a-Sentry 2214 | -10/Exiles | Found Prototype Flight Unit 2285 | -10/Exiles | Identified Flying Fortress v7 2285 | -10/Exiles | Identified AWS/Autocannon 2316 | -10/Exiles | Warned to stay clear of 0b10 Research branches 2330 | -10/Exiles | Attacked by the Exiles 2342 | -10/Exiles | Core integrity fell below 50% 2355 | -10/Exiles | Core integrity fell below 20% 2358 | -10/Exiles | Destroyed by 8R-AWN with 8R-AWN's Boregun Last Messages --------------- Assault Rifle destroyed. HV Slug penetrates as-48783. as-48783 suffers critical hit (Destroy). HV Slug penetrates Machine. Exp. Sensor Array destroyed. Penetrated by HV Slug. HV Slug penetrates EX-BIN. Penetrated by HV Slug. HV Slug penetrates EX-BIN. Assault Rifle destroyed. Penetrated by HV Slug. HV Slug penetrates as-72126. as-72126 suffers critical hit (Destroy). Penetrated by HV Slug. HV Slug penetrates as-72126. Assembled Analyzer disabled. HV Slug penetrates Machine. Machine disabled. HV Slug penetrates Machine. Penetrated by HV Slug. Map ----- +----------------------------------------------------+ | ?????#" """"#??????????????????????????? | | ?????#" """#??????????????????????????? | | ?????#" """#??????????????????????????? | | ?????#" """#??????????????????????????? | | ?????#" """#??????????????????????????? | | ?????#" """#??????????????????????????? | | ?????## """"??????????????????????????? | | ??????# """#??????????????????????????? | | ??????#" "X" """???????????????????????????? | | ??????#" """ #??????????????????????????? | | ??????#" """""""""#??????????????????????????? | | ?????##" ###########??????????????????????????? | | ????##"" #????????????????????????????????????? | | ???##"" #????????????????????????????????????? | | ??""""" ##???????????????????????????????????? | | "" " "" ##???###########????????????????????? | | "" " #####"""""""""##???????????????????? | | " a "" """"##??????????????????? | | " #??????????????????? | | """#??????????????????? | | a "a"#???????????#####??? | | a " "##?????????##" #??? | | a a "###???????#" #??? | | """""" c a """#??????##" ##?? | | ######""" "#????### ### | | ""#?????#####""" @ g ##???# # | | ????????????##""" ##?## | | ?????????????#"""" ### | | ?????????????#"" ## | | ?????????????"" #### | | ????????????? ""#?#""""" | | ??????????? #"""##?###### | | ??????????? ######???????? | | ?????????? ##????????????? | | ?????????? " ##?????????????? | | ?????????? "" """ ""#??????????????? | | ??????????#?""" " " ""#" "##??????????????? | | ??????????????##""" """##"""""""##???????????????? | | ?????????????????#"""???#########????????????????? | | ???????????????????#?????????????????????????????? | | ?????????????????????????????????????????????????? | | ?????????????????????????????????????????????????? | | ?????????????????????????????????????????????????? | | ?????????????????????????????????????????????????? | | ?????????????????????????????????????????????????? | | ?????????????????????????????????????????????????? | | ?????????????????????????????????????????????????? | | ?????????????????????????????????????????????????? | | ?????????????????????????????????????????????????? | | ?????????????????????????????????????????????????? | +----------------------------------------------------+ Best States ------------- Heat Dissipation 25 Energy Generation 10 Energy Capacity 250 Matter Stores 300 Matter Capacity 300 Sight Range 16 Robot Scan Range 20 Terrain Scan Density 10 Evasion (%) 50 Recoil Reduction 2 Item Schematics ----------------- None Robot Schematics ------------------ None Fabricated ------------ Nothing Alien Tech Used ----------------- None Achievements -------------- None Challenges ------------ None Game ------ Seed PlasmaBattleGreatsword Manual? 0 Play Time 00:14:18 Cumulative 9.3 hours Start 2024.04.17 @ 22:20:53 End 2024.04.17 @ 22:34:59 Sessions 1 Manual Loads 0 Difficulty Rogue Special Mode None Game No. 15 Rogue 13 Adventurer 2 Explorer 0 Win Type - Total 0 Types 0/0/0/0/0/0/0/0/0 Lore% 18 Gallery% 12 Achievement% 14 Wizard Run 0 Options --------- Layout 1 ASCII 0 Keyboard 0 Movement Mouse Keybinds 0 Fullscreen 1 Font 24/Smallcaps Map View 50x40 Zoom Use 0% Tactical HUD 0 Map Filters NONE Filters NONE Steam 1 RUN: 6146a08a-132e-47a7-a375-43b69be70b48